 Dungeon Crawl Stone Soup version 0.27-a0-860-gaf99fae3ca (webtiles) character file.

Game seed: 16881382712186346749

15344 Hot the Carver (level 12, -15/106 HPs)
             Began as a Minotaur Berserker on Apr 1, 2021.
             Was an Elder of Trog.
             Shot with an arrow by Nessos (21 damage)
             ... on level 12 of the Dungeon.
             The game lasted 00:51:00 (12929 turns).

Hot the Carver (Minotaur Berserker)                Turns: 12929, Time: 00:51:01

Health: -15/106    AC: 17    Str: 29    XL:     12   Next: 0%
Magic:  11/11      EV: 27    Int:  4    God:    Trog [****..]
Gold:   244        SH:  0    Dex: 16    Spells: 11/11 levels left

rFire    + . .     SeeInvis .   b - +6 demon blade of Gouczeh {vamp, rPois Int+3 Dex-4 Stlth+}
rCold    . . .     Faith    .   (no shield)
rNeg     + . .     Spirit   .   p - +0 chain mail
rPois    +         Reflect  .   (helmet restricted)
rElec    .         Harm     .   (no cloak)
rCorr    .         Rampage  .   (no gloves)
Will     ++...                  H - +3 pair of boots "Gawkufri" {rPois rF+ rN+ Int-3}
Stlth    ..........             O - amulet of the acrobat
HPRegen  1.27/turn              h - +6 ring of dexterity
MPRegen  0.12/turn              K - +6 ring of strength

@: lethally poisoned (-15 -> -16), berserk cooldown, acrobatic, regenerating,
slowed, very slow
A: horns 2, retaliatory headbutt
a: Renounce Religion, Berserk, Trog's Hand, Brothers in Arms


You were on level 12 of the Dungeon.
You worshipped Trog.
Trog was greatly pleased with you.
You visited 1 branch of the dungeon, and saw 12 of its levels.
You also visited: Sewer.

You collected 724 gold pieces.
You spent 480 gold pieces at shops.

Inventory:

Hand Weapons
 a - a +0 shortbow
 b - the +6 demon blade of Gouczeh (weapon) {vamp, rPois Int+3 Dex-4 Stlth+}
   (You acquired it on level 8 of the Dungeon)

   It inflicts no extra harm, but heals its wielder when it wounds a living foe.
   It affects your intelligence (+3).
   It affects your dexterity (-4).
   It protects you from poison.
   It makes you more stealthy.
 S - a +3 scimitar of flaming
 V - a +0 triple sword of flaming
Missiles
 E - 4 throwing nets
 P - 4 boomerangs of dispersal
 Q - 2 curare-tipped darts
 W - 11 arrows
Armour
 p - a +0 chain mail (worn)
 H - the +3 pair of boots "Gawkufri" (worn) {rPois rF+ rN+ Int-3}
   (You acquired it on level 11 of the Dungeon)

   It affects your intelligence (-3).
   It protects you from fire.
   It protects you from poison.
   It protects you from negative energy.
Jewellery
 h - a +6 ring of dexterity (left hand)
 A - a +6 ring of dexterity
 D - a ring of resist corrosion
 K - a +6 ring of strength (right hand)
 M - a ring of willpower
 O - an amulet of the acrobat (around neck)
 R - a ring of flight
Wands
 f - a wand of mindburst (13)
 n - a wand of charming (13)
 u - a wand of flame (18)
 B - a wand of acid (9)
 F - a wand of digging (16)
 U - a wand of iceblast (5)
Scrolls
 d - 3 scrolls of teleportation
 e - a scroll of magic mapping {unknown}
 g - 5 scrolls of fear
 j - 4 scrolls of blinking
 k - a scroll of enchant weapon {unknown}
 q - 3 scrolls of brand weapon {unknown}
 r - 2 scrolls of vulnerability
 t - 4 scrolls of noise {unknown}
 w - a scroll of amnesia {unknown}
 y - a scroll of enchant armour {unknown}
 L - a scroll of holy word {unknown}
 T - a scroll of identify
Potions
 c - a potion of mutation
 i - 2 potions of might
 l - a potion of resistance
 m - a potion of berserk rage
 o - a potion of haste
 s - 3 potions of ambrosia
 v - 2 potions of attraction {unknown}
 x - 2 potions of lignification {unknown}
 z - 3 potions of flight
 C - a potion of magic
 J - 2 potions of brilliance
 N - 2 potions of degeneration
Miscellaneous
 I - a phial of floods (inert)


   Skills:
 + Level 10.2 Fighting
 + Level 14.6 Long Blades
 + Level 13.3 Armour
 + Level 6.3 Dodging
 + Level 2.2 Stealth
 + Level 0.4 Evocations


You had 11 spell levels left.
You didn't know any spells.
Your spell library was empty.

Dungeon Overview and Level Annotations

Branches:
Dungeon (12/15)            Temple (0/1) D:4            Lair (0/6) D:8
    Orc (0/2) D:10          Sewer (visited)

Altars:
Cheibriados
Dithmenos
Elyvilon
Kikubaaqudgha
Makhleb
Nemelex Xobeh
Sif Muna
Wu Jian
Xom
Yredelemnul
Zin
The Shining One

Shops:
D:6 *:===   D:11 *

Annotations:
D:6 1 runed translucent door
D:12 Nessos


Innate Abilities, Weirdness & Mutations

You have a pair of horns on your head.
You reflexively headbutt those who attack you in melee.


Message History

Nessos seems to speed up.
Your skin stops crawling.
You feel less strong-willed.
Nessos blinks!
Nessos shoots an arrow.
The arrow hits you! The arrow burns you.
You are poisoned.
You feel very sick.
Nessos blinks! x2
You feel sick.
Nessos shoots an arrow.
The arrow misses you.
Nessos shoots an arrow.
The arrow closely misses you.
Your skin crawls.
You feel strong-willed.
You feel sick.
Nessos blinks!
Nessos shoots an arrow.
The arrow hits you! The arrow burns you.
You feel sick.
Nessos shoots an arrow.
The arrow hits you!!
* * * LOW HITPOINT WARNING * * *
The arrow burns you.
* * * LOW HITPOINT WARNING * * *
Nessos shoots an arrow.
The arrow barely misses you.
A red film seems to cover your vision as you go berserk!
You feel yourself moving faster!
You feel mighty!
You feel sick.
Nessos blinks! x2
You feel a strong urge to attack something.
Nessos shoots an arrow.
The arrow completely misses you.
Nessos blinks!
You feel sick.
Nessos shoots an arrow.
The arrow completely misses you.
You feel your anger nearly subside.
You are no longer berserk.
You are exhausted.
You feel yourself slow down.
You feel sick.
Nessos shoots an arrow.
The arrow hits you!
* * * LOW HITPOINT WARNING * * *
The arrow burns you.
You are more poisoned.
* * * LOW HITPOINT WARNING * * *
Nessos blinks!
You feel very sick.
Nessos blinks!
Nessos shoots an arrow.
The arrow closely misses you.
You feel very sick.
Nessos shoots an arrow.
The arrow barely misses you.
Nessos blinks! x2
You feel very sick.
Nessos blinks!
You feel sick.
Nessos blinks! x2; Nessos shoots an arrow.
The arrow hits you!!
You die...

.##.....##.....###.......#
.##......#8..............####
.##......###.......)........##
.##........##.......(........##
.##........###8#....).).......#
..........c#####...##<........#
#.......>.............).......#
#...#............(..#.........#
##....#.........@##.#.........#
#............................##
....###.......................#
#.#...........................#
#>####........§...............#
..# #.#......................#
### #.(......................#
#..(......(§............##
#..........§...........##


You could see Nessos (fast).

Vanquished Creatures
  Azrael (D:12)
  A hydra (D:9)
  Harold (D:8)
  Erolcha (D:12)
  A two-headed ogre (D:10)
  Erica (D:8)
  Pikel (D:5)
  A cyclops (D:12)
  2 manticores
  A gargoyle (D:11)
  A komodo dragon (D:10)
  A kobold demonologist (D:10)
  2 trolls
  Prince Ribbit (D:8)
  2 shadows
  Eustachio (D:6)
  2 wraiths
  5 yaks (D:11)
  A wyvern (D:9)
  8 vampire mosquitoes (D:11)
  A steam dragon (D:8)
  Menkaure (D:5)
  Edmund (D:5)
  An acid dragon (D:10)
  A water moccasin (D:6)
  3 hell hounds (D:12)
  An ice beast (D:7)
  A hornet zombie (D:6)
  A sky beast (D:7)
  10 orc warriors
  3 ogres
  A centaur (D:12)
  2 phantoms
  4 kobold brigands
  Blork the orc (D:4)
  5 bullfrogs
  3 scorpions
  8 wights
  3 howler monkeys
  2 crimson imps
  3 centaur zombies
  2 jellies
  A centaur skeleton (D:5)
  3 hounds
  7 orc priests
  2 bullfrog skeletons
  Ijyb (D:5)
  8 iguanas
  10 orc wizards
  2 howler monkey zombies (D:7)
  A howler monkey skeleton (D:6)
  10 adders
  2 shadow imps
  2 white imps
  3 worms
  5 dart slugs
  54 orcs
  20 ball pythons
  2 bats
  7 endoplasms
  14 giant cockroaches
  8 goblins
  8 hobgoblins
  7 jackals
  7 kobolds
  10 quokkas
  12 frilled lizards
  A jackal zombie (D:6)
  A kobold zombie (D:6)
  8 rats
309 creatures vanquished.

Vanquished Creatures (collateral kills)
  A wraith (D:12)
  3 hell hounds (D:12)
  An orc wizard (D:12)
  2 orcs (D:12)
7 creatures vanquished.

Vanquished Creatures (others)
  An orc wizard (D:4)
1 creature vanquished.

Grand Total: 317 creatures vanquished

Notes
Turn   | Place    | Note
-------+----------+-------------------------------------------
     0 | D:1      | Hot the Minotaur Berserker began the quest for the Orb.
     0 | D:1      | Reached XP level 1. HP: 19/19 MP: 0/0
   278 | D:1      | Reached skill level 4 in Long Blades
   282 | D:1      | Reached XP level 2. HP: 17/27 MP: 1/1
   730 | D:1      | Found a faded altar of an unknown god.
  1193 | D:1      | Found a basalt altar of Yredelemnul.
  1297 | D:2      | Reached XP level 3. HP: 33/33 MP: 2/2
  1523 | D:2      | You fall into a shaft and drop 2 floors!
  1526 | D:4      | Noticed an ogre
  1533 | D:4      | Killed an ogre
  1533 | D:4      | Reached ** piety under Trog
  1534 | D:4      | Reached skill level 5 in Long Blades
  1534 | D:4      | Reached XP level 4. HP: 21/41 MP: 3/3
  1574 | D:4      | Reached XP level 5. HP: 9/47 MP: 4/4
  1833 | D:4      | Noticed a phantom
  1848 | D:4      | Killed a phantom
  1849 | D:4      | Reached skill level 5 in Fighting
  1849 | D:4      | Reached skill level 6 in Long Blades
  1983 | D:4      | Found a staircase to the Ecumenical Temple.
  1993 | D:4      | Reached skill level 1 in Stealth
  2003 | D:4      | Reached XP level 6. HP: 51/56 MP: 5/5
  2107 | D:4      | Noticed Blork the orc
  2115 | D:4      | Killed Blork the orc
  2335 | D:4      | Found a white marble altar of Elyvilon.
  2336 | D:4      | Found a glowing golden altar of the Shining One.
  2337 | D:4      | Found a glowing silver altar of Zin.
  2678 | D:4      | Noticed an orc warrior
  2690 | D:4      | Killed an orc warrior
  3391 | D:3      | Found a glowing drain.
  3401 | Sewer    | Entered a sewer
  3480 | Sewer    | Reached skill level 7 in Long Blades
  3492 | Sewer    | Reached XP level 7. HP: 57/61 MP: 6/6
  3688 | Sewer    | Reached *** piety under Trog
  4130 | D:3      | Found a shadowy altar of Dithmenos.
  4132 | D:3      | Found a shimmering altar of Xom.
  4136 | D:3      | Found a snail-covered altar of Cheibriados.
  4141 | D:3      | Found an ornate altar of the Wu Jian Council.
  4459 | D:5      | Entered Level 5 of the Dungeon
  4534 | D:5      | Reached skill level 8 in Long Blades
  4550 | D:5      | Reached XP level 8. HP: 26/70 MP: 7/7
  4834 | D:5      | Noticed Menkaure
  4841 | D:5      | Killed Menkaure
  4842 | D:5      | Reached skill level 5 in Armour
  5204 | D:5      | Noticed Pikel
  5220 | D:5      | Killed Pikel
  5221 | D:5      | Reached skill level 9 in Long Blades
  5503 | D:5      | Noticed Edmund
  5505 | D:5      | Found an ancient bone altar of Kikubaaqudgha.
  5508 | D:5      | Noticed Ijyb
  5514 | D:5      | Killed Edmund
  5533 | D:5      | Killed Ijyb
  6222 | D:6      | Found Qipsytu's Jewellery Boutique.
  6229 | D:6      | Reached XP level 9. HP: 78/78 MP: 8/8
  6233 | D:6      | Noticed Eustachio
  6284 | D:6      | Killed Eustachio
  6285 | D:6      | Reached skill level 10 in Long Blades
  6584 | D:6      | Found Duuhebb's General Store.
  6867 | D:6      | Found Pufoenk's Jewellery Shop.
  6928 | D:6      | Found a runed translucent door.
  6931 | D:6      | Found a basalt altar of Yredelemnul.
  7169 | D:6      | Found a sparkling altar of Nemelex Xobeh.
  7432 | D:6      | Found Zabeblul's Book Shop.
  7468 | D:6      | Reached **** piety under Trog
  7469 | D:6      | Found Cyidag's Jewellery Emporium.
  8080 | D:7      | Found a shimmering blue altar of Sif Muna.
  8484 | D:8      | Noticed Prince Ribbit
  8496 | D:8      | Killed Prince Ribbit
  8497 | D:8      | Reached skill level 11 in Long Blades
  8499 | D:8      | Reached skill level 5 in Dodging
  8599 | D:8      | Reached skill level 10 in Armour
  8665 | D:8      | Found a staircase to the Lair.
  8852 | D:8      | Noticed Harold
  8872 | D:8      | Killed Harold
  8873 | D:8      | Reached XP level 10. HP: 38/88 MP: 9/9
  8881 | D:8      | Identified a scroll of acquirement
  8881 | D:8      | Acquired the +6 demon blade of Gouczeh {vamp, rPois Int+3
                  | Dex-4 Stlth+}
  9035 | D:8      | Noticed Erica
  9043 | D:8      | Killed Erica
  9090 | D:8      | Found a burning altar of Makhleb.
  9306 | D:9      | Reached ***** piety under Trog
  9310 | D:9      | Reached skill level 12 in Long Blades
  9764 | D:9      | Found a runed translucent door.
  9767 | D:9      | Noticed a five-headed hydra
 10065 | D:9      | Killed a 13-headed hydra
 10175 | D:10     | Entered Level 10 of the Dungeon
 10277 | D:10     | Received a gift from Trog
 10328 | D:10     | Found a staircase to the Orcish Mines.
 10458 | D:10     | Reached XP level 11. HP: 84/97 MP: 10/10
 10640 | D:10     | Noticed a two-headed ogre
 10645 | D:10     | Killed a two-headed ogre
 10646 | D:10     | Reached skill level 13 in Long Blades
 11461 | D:11     | Found Hefet's Demolitions Depot.
 11999 | D:11     | Acquired the +3 pair of boots "Gawkufri" {rPois rF+ rN+
                  | Int-3}
 12052 | D:11     | Reached skill level 14 in Long Blades
 12248 | D:11     | Bought a phial of floods for 480 gold pieces
 12262 | D:12     | Noticed Azrael
 12272 | D:12     | Noticed Erolcha
 12278 | D:12     | Killed Azrael
 12284 | D:12     | Reached skill level 10 in Fighting
 12286 | D:12     | Killed Erolcha
 12786 | D:12     | Noticed Nessos
 12790 | D:12     | Reached XP level 12. HP: 75/106 MP: 11/11
 12928 | D:12     | HP: 5/106 [poisoned by Nessos]
 12929 | D:12     | Shot with an arrow by Nessos

Illustrated notes

Levels and vault maps discovered:
D:1:      dpeg_arrival_water_altar, layout_loops_corners,
          ebering_ecumenical_altar_abandoned, minmay_tree_intersection,
          serial_park_tiny_2
D:2:      layout_loops_ring, uniq_crazy_yiuf_cottage
D:3:      layout_basic, minitemple, cheibrodos_sewer_entry_sluice, moated_statue
D:4:      layout_loops_cross, good_gods_temple_1,
          minmay_temple_entry_junction_2, uniq_blork_the_orc
D:5:      layout_basic, nicolae_kikubaaqudgha_miasma_corner,
          corexii_hall_statues_x, uniq_ijyb, uniq_pikel, uniq_menkaure,
          uniq_edmund
D:6:      layout_loops_corners, nemelex_dance_club_becter,
          dk_yredelemnul_ordeal, serial_shops, kennysheep_little_box, shop,
          shop_statue, shop_fountains, shop_fountains, uniq_eustachio
D:7:      layout_cave_pools, led_sif_book, enter_bailey_4
D:8:      layout_rooms, makhleb_grotto_becter, dpeg_oklobed_lair, moated_statue,
          uniq_prince_ribbit1, uniq_harold, uniq_erica
D:9:      layout_roguey, nicolae_overflow_hidden_temple, nrook_campfire,
          minmay_st_funbox, minmay_misc_feat_pillars
D:10:     layout_roguey, david_orc_4
D:11:     layout_gridville, nicolae_blasting_shop, minmay_fire_ice_demons
D:12:     layout_rooms, enter_trove_5, serial_corexii_hall,
          corexii_hall_statues_deadend, chequers_hall_statues_wall_a,
          chequers_hall_statues_y, chequers_hall_statues_y, uniq_azrael,
          uniq_erolcha, uniq_nessos

Skill      XL: |  1  2  3  4  5  6  7  8  9 10 11 |
---------------+----------------------------------+-----
Long Blades    | 4 5 6 7 8 9 11 12 14 | 14.6
Fighting       | 4 5 6 7 9 10 | 10.2
Dodging        | 3 4 5 6 |  6.3
Stealth        | 1 2 |  2.2
Armour         | 3 4 7 10 11 13 | 13.3
Evocations     | |  0.4

Action                   |  1- 3 |  4- 6 |  7- 9 | 10-12 || total
-------------------------+-------+-------+-------+-------++-------
Melee: Falchion          |    61 |   105 |   411 |       ||   577
       Headbutt          |    18 |    10 |   116 |    80 ||   224
       Demon blade       |       |       |       |   182 ||   182
       Triple sword      |       |       |       |    50 ||    50
 Fire: Shortbow          |       |       |       |     5 ||     5
Invok: Berserk           |     1 |     3 |     6 |     6 ||    16
       Trog's Hand       |       |     2 |     6 |     6 ||    14
       Brothers in Arms  |       |       |       |     1 ||     1
Evoke: Phial of floods   |       |       |       |     1 ||     1
  Use: Scroll            |       |       |     8 |     9 ||    17
       Potion            |       |       |       |     1 ||     1
 Stab: Sleeping          |     1 |       |       |       ||     1
Armor: Animal skin       |    10 |     5 |       |       ||    15
       Chain mail        |       |    15 |   214 |   113 ||   342
       Skin              |       |       |       |     1 ||     1
Dodge: Dodged            |    32 |    56 |   222 |   220 ||   530
       Rpst.: Falchion   |     7 |    13 |    57 |       ||    77
       Demon blade       |       |       |       |    16 ||    16
       Triple sword      |       |       |       |    19 ||    19

Table legend: (Time is in decaauts)
 A = Elapsed time spent in this place.
 B = Non-inter-level travel time spent in this place.
 C = Inter-level travel time spent in this place.
 D = Time resting spent in this place.
 E = Time spent auto-exploring this place.
 F = Levels seen in this place.
 G = Mean time per level.
                   A        B        C        D        E       F      G
               +--------+--------+--------+--------+--------+-----+--------+
         Total |  13040 |  12849 |    191 |      0 |  10476 |  13 | 1003.1 |
       Dungeon |  12554 |  12363 |    191 |      0 |  10275 |  12 | 1046.2 |
         Sewer |    486 |    486 |      0 |      0 |    200 |   1 |  486.0 |
               +--------+--------+--------+--------+--------+-----+--------+

Top non-repeatable levels by time:
     D:4: 1740 daAuts
     D:6: 1611 daAuts
     D:5: 1581 daAuts
     D:1: 1225 daAuts
    D:10: 1074 daAuts
    D:11: 1033 daAuts
     D:9: 957 daAuts
     D:3: 820 daAuts
     D:7: 795 daAuts
     D:8: 746 daAuts
    D:12: 663 daAuts
   Sewer: 486 daAuts
     D:2: 305 daAuts
